 Dungeon Crawl Stone Soup version 0.21-a0-91-ga5031da (webtiles) character file.

32194 grindst0ne the Fighter (level 13, -10/122 HPs)
             Began as a Ghoul Monk on June 29, 2017.
             Was the Champion of Nemelex Xobeh.
             Killed by a card of wild magic (50 damage)
             ... on level 6 of the Lair of Beasts.
             The game lasted 01:20:07 (23084 turns).

grindst0ne the Fighter (Ghoul Monk)                Turns: 23084, Time: 01:20:08

Health: -10/122    AC: 23    Str: 19    XL:     13   Next: 63%
Magic:  19/19      EV:  7    Int:  5    God:    Nemelex Xobeh [******]
Gold:   1098       SH:  0    Dex: 12    Spells: 12/12 levels left

rFire    + . .     SeeInvis .     - Unarmed
rCold    + + +     Gourm    .   (no shield)
rNeg     + + +     Faith    .   G - +4 plate armour of Immorality {rC+ Stlth+}
rPois    ∞         Spirit   .   L - +1 hat
rElec    .         Reflect  .   v - +0 cloak
rCorr    .         Harm     .   Y - +1 pair of gloves
MR       .....                  (no boots)
Stlth    ..........             (no amulet)
HPRegen  0.00/turn              W - ring of protection from cold
MPRegen  0.16/turn              U - ring of protection from fire

@: rotting, drained
A: rotting body, claws 1, carnivore 3, cold resistance 1, negative energy
resistance 3, inhibited regeneration, torment resistance, unbreathing
a: Triple Draw, Deal Four, Stack Five, Renounce Religion


You were on level 6 of the Lair of Beasts.
You worshipped Nemelex Xobeh.
Nemelex Xobeh was exalted by your worship.
You were not hungry.

You visited 2 branches of the dungeon, and saw 16 of its levels.
You also visited: Labyrinth, Sewer and Ossuary.

You collected 1098 gold pieces.

Inventory:

Missiles
 p - 6 javelins (quivered)
Armour
 v - a +0 cloak (worn)
 G - the +4 plate armour of Immorality (worn) {rC+ Stlth+}
   (You found it on level 9 of the Dungeon)

   It protects you from cold.
   It makes you more stealthy.
 L - a +1 hat (worn)
 Y - a +1 pair of gloves (worn)
Jewellery
 Q - the amulet "Yblecon" {Harm *Drain rElec rF+ Int+2}
   (You found it in a labyrinth)

   [amulet of harm]

   It increases damage dealt and taken.
   It affects your intelligence (+2).
   It protects you from fire.
   It insulates you from electricity.
   It causes draining when unequipped.
 S - an uncursed ring of protection from magic
 U - a ring of protection from fire (right hand)
 W - a ring of protection from cold (left hand)
Wands
 k - a wand of confusion (5/48)
 q - a wand of scattershot (0/9)
 t - a wand of disintegration (11/24)
 w - a wand of polymorph (15/24)
 C - a wand of paralysis (12/24)
 D - a wand of flame (7/48)
 K - a wand of iceblast (8/15)
 P - a wand of lightning (0/15)
Scrolls
 e - 4 scrolls of enchant weapon
 m - 6 scrolls of fear
 n - 5 scrolls of teleportation
 r - 5 scrolls of blinking
 u - 8 scrolls of remove curse
 x - a scroll of magic mapping
 y - 2 scrolls of enchant armour
 A - 2 scrolls of recharging
 E - 5 scrolls of identify
 H - a scroll of brand weapon
 N - 2 scrolls of fog
Potions
 b - 5 potions of curing
 g - 3 potions of haste
 i - 3 potions of heal wounds
 o - 3 potions of might
 s - 4 potions of flight
 B - a potion of resistance
 O - a potion of invisibility
Books
 T - a book of Necromancy

   Spells                             Type                      Level
   a - Pain                           Necromancy                   1
   b - Animate Skeleton               Necromancy                   1
   c - Vampiric Draining              Necromancy                   3
   d - Regeneration                   Charms/Necromancy            3
   e - Animate Dead                   Necromancy                   4
   f - Control Undead                 Necromancy                   4
 V - a book of Maledictions

   Spells                             Type                      Level
   a - Corona                         Hexes                        1
   b - Ensorcelled Hibernation        Hexes/Ice                    2
   c - Confuse                        Hexes                        3
   d - Tukima's Dance                 Hexes                        3
   e - Dazzling Spray                 Conjuration/Hexes            3
Miscellaneous
 j - an ornate deck of escape
 l - an ornate deck of summoning {drawn: 5}
 z - an ornate deck of escape
 I - a legendary deck of destruction {drawn: 7}
 J - a legendary deck of escape
 M - an ornate deck of escape
 R - a legendary deck of summoning {drawn: 1}
 X - a legendary deck of escape
 Z - a fan of gales
Comestibles
 d - 9 meat rations
 h - 14 royal jellies


   Skills:
 + Level 13.0(12.9) Fighting
 + Level 10.3(10.2) Armour
 - Level 2.6 Dodging
 - Level 2.1 Stealth
 + Level 13.0 Unarmed Combat
 + Level 10.5(10.4) Invocations
 - Level 5.1(5.0) Evocations


You had 12 spell levels left.
You didn't know any spells.

Dungeon Overview and Level Annotations

Branches:
Dungeon (10/15)            Temple (0/1) D:5            Lair (6/6) D:10
  Swamp (0/4) Lair:3        Snake (0/4) Lair:3        Slime (0/5) Lair:5
    Orc (0/2) D:9

Altars:
Ashenzari
Elyvilon
Hepliaklqana
Kikubaaqudgha
Makhleb
Nemelex Xobeh
Okawaru
Qazlal
Sif Muna
Trog
Vehumet
Wu Jian
Xom
Zin

Shops:
D:9 }

Portals:
Trove: D:10 (give horn of Geryon)


Innate Abilities, Weirdness & Mutations

Your body is rotting away.
You thrive on raw meat.
You are immune to poison.
You have sharp fingernails.
You are carnivorous and can eat meat at any time.
Your flesh is cold resistant. (rC+)
You are immune to negative energy. (rN+++)
You do not regenerate when monsters are visible.
You are immune to unholy pain and torment.
You can survive without breathing.


Message History

Your soul eater hits the water moccasin!!
The water moccasin dies!
Your sun demon hits the sea snake!
The sea snake is engulfed in flames!
Something bites your sun demon!!
Something closely misses your sun demon.
Something claws your sun demon but does no damage.
The elephant tramples you but does no damage.
The elephant trunk-slaps you.
Your sun demon hits the sea snake!!
The sea snake is engulfed in flames!
The sea snake dies!
You hear an angry growl.
Your chaos spawn closely misses the polar bear.
There is a stone staircase leading up here.
Evoke which item? (* to show all) (? for menu, Esc to quit)
You draw a card...
It is Wild Magic.
There is a sudden explosion of magical energy!
The explosion engulfs the elephant.
The explosion engulfs the sea snake.
The explosion engulfs you!
You die...
Your body glows with a rainbow of weird colours and disappears.

##.....P.#.†..#........
##....N#.t....##..#.P..
.#.......#.3H.#.#.P##PP.
........4.#.†..†.†...P.P.
...P#...3h#&...†÷.÷...P..
... #....#....lH#.(.....<
.. #.##.##..S..#...#..t.
#.. ##.##.Y.###..# #..
.... .#...@# ### .
...............# ...
.............
................
.................
#.#.........P....
.#.##....##..#..# #.
#...P# #...##


You could see an elephant, a sea snake, 2 manticores, a polar bear (berserk), a
komodo dragon, a crocodile, the friendly Hufokizo, a friendly soul eater, a
friendly sun demon and a friendly chaos spawn.

Vanquished Creatures
  A minotaur (Lab)
  An alligator (Lair:3)
  2 death yaks (D:10)
  A necromancer (Lair:3)
  A black mamba (Lair:6)
  6 spiny frogs
  3 komodo dragons
  2 polar bears
  A troll (D:9)
  7 blink frogs
  A dream sheep (Lair:3)
  5 hippogriffs
  A spriggan (Lair:3)
  A human (D:10)
  2 hogs (D:10)
  22 yaks
  A basilisk (Lair:6)
  Menkaure (D:4)
  5 swamp worms (Lair:3)
  9 water moccasins
  2 porcupines
  4 orc warriors
  2 sky beasts
  A black bear (D:9)
  16 wolves (Lair:2)
  3 ice beasts
  3 ogres
  2 phantoms (D:7)
  4 centaurs
  8 crocodiles
  3 big kobolds
  Blork the orc (D:4)
  12 bullfrogs
  A water moccasin zombie (D:6)
  3 scorpions
  A water moccasin skeleton (D:6)
  10 killer bees (D:8)
  8 wights
  5 howler monkeys
  An electric eel (Lair:3)
  3 centaur zombies (Ossuary)
  2 crimson imps
  A human zombie (Ossuary)
  8 jellies (Lair:5)
  Crazy Yiuf (D:6)
  A gnoll shaman (D:6)
  3 bullfrog skeletons
  3 centaur skeletons
  5 hounds
  3 iguanas
  6 orc wizards
  2 polar bear simulacra (Lair:3)
  9 worker ants
  3 yak simulacra (Lair:3)
  A statue (D:7)
  4 wolf simulacra (Lair:3)
  2 ogre zombies (Ossuary)
  5 mummies
  A howler monkey skeleton (D:6)
  8 gnolls
  6 river rats
  16 adders
  A shadow imp (D:8)
  2 oozes
  4 adder zombies (Ossuary)
  An adder skeleton (D:8)
  2 worms
  A dart slug (D:2)
  4 leopard geckos
  19 orcs
  7 ball pythons
  9 bats
  7 giant cockroaches
  5 goblins
  6 hobgoblins
  7 jackals
  2 quokkas
  6 frilled lizards
  3 goblin zombies (Ossuary)
  4 hobgoblin zombies (Ossuary)
  A jackal skeleton (D:6)
  34 kobolds
  6 kobold zombies (Ossuary)
  An orc zombie (Ossuary)
  A quokka skeleton (D:9)
  2 quokka zombies (Ossuary)
  33 rats
  5 rat zombies
  2 river rat simulacra (Lair:3)
  3 fungi
  A plant (Lair:2)
435 creatures vanquished.

Vanquished Creatures (collateral kills)
  A catoblepas (Lair:6)
  A hydra (Lair:4)
  A death yak (D:10)
  Urug (Lair:5)
  A sea snake (Lair:6)
  A salamander (Lair:3)
  An elephant (Lair:6)
  A black mamba (Lair:6)
  A spiny frog (Lair:1)
  A torpor snail (Lair:2)
  A rime drake (Lair:6)
  3 komodo dragons
  2 polar bears (Lair:6)
  Prince Ribbit (D:6)
  Grinder (D:4)
  3 blink frogs (Lair:1)
  A hornet (Lair:6)
  3 hippogriffs
  A dream sheep (Lair:3)
  Sigmund (D:3)
  8 yaks
  A basilisk (Lair:2)
  A swamp worm (Lair:3)
  Edmund (D:4)
  5 water moccasins
  2 porcupines
  A wolf (Lair:2)
  3 ogres
  2 crocodiles (Lair:6)
  A bullfrog (Lair:2)
  2 killer bees (D:8)
  3 jellies (Lair:5)
  A centaur zombie (D:6)
  An orc priest (D:4)
  2 orc wizards
  3 mummies (Ossuary)
  3 orcs
  A quokka (D:4)
  A plant (Lair:2)
69 creatures vanquished.

Vanquished Creatures (others)
  A fire dragon (D:10)
  A spiny frog (Lair:5)
  A komodo dragon (Lair:3)
  A hornet (Lair:3)
  2 yaks (Lair:4)
  A porcupine (D:10)
  10 wolves (Lair:2)
  A crocodile (Lair:2)
  A bullfrog (Lair:2)
  2 jellies (Lair:5)
  An orc wizard (D:6)
  A hell rat (D:10)
  A ball lightning (Lair:2)
  2 orcs (D:6)
  A fire vortex (Lair:2)
  3 fungi
  4 plants
34 creatures vanquished.

Grand Total: 538 creatures vanquished

Notes
Turn   | Place    | Note
-------+----------+-------------------------------------------
     0 | D:1      | grindst0ne the Ghoul Monk began the quest for the Orb.
     0 | D:1      | Reached XP level 1. HP: 19/19 MP: 0/0
    96 | D:1      | Reached XP level 2. HP: 6/26 MP: 1/1
  1122 | D:2      | Reached XP level 3. HP: 33/33 MP: 2/2
  1474 | D:2      | Reached XP level 4. HP: 32/41 MP: 3/3
  1898 | D:2      | Found a shattered altar of Ashenzari.
  2173 | D:3      | Found a white marble altar of Elyvilon.
  2216 | D:3      | Found a sparkling altar of Nemelex Xobeh.
  2319 | D:3      | HP: 1/41 [worker ant (2)]
  2323 | D:3      | Reached skill level 5 in Unarmed Combat
  2323 | D:3      | Reached XP level 5. HP: 33/47 MP: 4/4
  2353 | D:3      | Became a worshipper of Nemelex Xobeh the Trickster
  2353 | D:3      | Received a gift from Nemelex Xobeh
  2353 | D:3      | Reached * piety under Nemelex Xobeh
  2353 | D:3      | Received a gift from Nemelex Xobeh
  2353 | D:3      | Reached ** piety under Nemelex Xobeh
  2428 | D:3      | Noticed Sigmund
  2438 | D:3      | Noticed a wyvern
  2441 | D:3      | Killed Sigmund
  2441 | D:3      | Reached skill level 5 in Fighting
  2441 | D:3      | Reached skill level 1 in Invocations
  2728 | D:4      | Found an ancient bone altar of Kikubaaqudgha.
  2770 | D:4      | Reached XP level 6. HP: 39/53 MP: 6/6
  2787 | D:4      | Noticed Grinder
  2792 | D:4      | Killed Grinder
  3023 | D:4      | Found a glowing drain.
  3063 | D:4      | Noticed Edmund
  3075 | D:4      | Killed Edmund
  3075 | D:4      | Reached XP level 7. HP: 48/61 MP: 8/8
  3085 | Sewer    | Entered a sewer
  3892 | Sewer    | Reached skill level 1 in Armour
  4543 | D:4      | Noticed Menkaure
  4555 | D:4      | Killed Menkaure
  4653 | D:4      | Received a gift from Nemelex Xobeh
  4811 | D:4      | Found an ornate altar of the Wu Jian Council.
  5141 | D:4      | Noticed Blork the orc
  5150 | D:4      | Killed Blork the orc
  5150 | D:4      | Reached XP level 8. HP: 50/69 MP: 10/10
  5380 | D:4      | Identified Zotyph's Incunabulum of Earthen Ice
  5646 | D:5      | Entered Level 5 of the Dungeon
  5723 | D:5      | Found a sand-covered staircase.
  5733 | Ossuary  | Entered an ossuary
  5778 | Ossuary  | Reached *** piety under Nemelex Xobeh
  5778 | Ossuary  | Received a gift from Nemelex Xobeh
  6494 | D:5      | Received a gift from Nemelex Xobeh
  6555 | D:5      | Found an iron altar of Okawaru.
  6677 | D:5      | Found a staircase to the Ecumenical Temple.
  7106 | D:5      | Found a stormy altar of Qazlal.
  7250 | D:6      | Reached XP level 9. HP: 79/79 MP: 11/11
  7281 | D:6      | Reached skill level 1 in Evocations
  7334 | D:6      | Noticed Prince Ribbit
  7339 | D:6      | Killed Prince Ribbit
  7346 | D:6      | Received a gift from Nemelex Xobeh
  7711 | D:6      | Found a runed door.
  7903 | D:6      | Reached **** piety under Nemelex Xobeh
  8262 | D:6      | Noticed Crazy Yiuf
  8270 | D:6      | Killed Crazy Yiuf
  8349 | D:7      | Found a bloodstained altar of Trog.
  8558 | D:7      | Found a deep blue altar of Sif Muna.
  8566 | D:7      | Received a gift from Nemelex Xobeh
  8621 | D:7      | Reached skill level 5 in Armour
  9651 | D:7      | Received a gift from Nemelex Xobeh
  9742 | D:7      | Found a radiant altar of Vehumet.
  9773 | D:7      | Reached XP level 10. HP: 76/89 MP: 12/12
  9782 | D:7      | Received a gift from Nemelex Xobeh
 11933 | D:8      | Found a hazy altar of Hepliaklqana.
 12142 | D:8      | Reached ***** piety under Nemelex Xobeh
 12146 | D:8      | Noticed a green death
 12147 | D:8      | Found a burning altar of Makhleb.
 12150 | D:8      | Found a glowing silver altar of Zin.
 12150 | D:8      | Noticed an angel
 12190 | D:8      | Found a shimmering altar of Xom.
 12383 | D:8      | Noticed a two-headed ogre
 12502 | D:9      | Got a faintly humming plate armour
 12513 | D:9      | Identified the +4 plate armour of Immorality {rC+ Stlth+} (You found it on level 9 of the Dungeon)
 12523 | D:9      | Received a gift from Nemelex Xobeh
 12596 | D:9      | Found Puqustrapp's Gadget Boutique.
 12670 | D:9      | Reached skill level 5 in Evocations
 12725 | D:9      | Reached skill level 10 in Unarmed Combat
 12725 | D:9      | Reached skill level 5 in Invocations
 12773 | D:9      | Found a staircase to the Orcish Mines.
 13007 | D:9      | Received a gift from Nemelex Xobeh
 13037 | D:9      | Reached skill level 10 in Fighting
 13059 | D:10     | Entered Level 10 of the Dungeon
 13064 | D:10     | Reached XP level 11. HP: 69/99 MP: 13/13
 13204 | D:10     | Found a portal to a secret trove of treasure.
 13235 | D:10     | Noticed Gastronok
 13463 | D:10     | Noticed a death yak
 13464 | D:10     | Noticed a death yak
 13467 | D:10     | Noticed a death yak
 13467 | D:10     | Found a staircase to the Lair.
 13470 | D:10     | Noticed a fire dragon
 13474 | D:10     | Killed a death yak
 13481 | D:10     | Killed a death yak
 13483 | D:10     | Killed a death yak
 13493 | D:10     | Killed a fire dragon
 14194 | D:10     | Received a gift from Nemelex Xobeh
 15119 | Lair:1   | Entered Level 1 of the Lair of Beasts
 15172 | Lair:1   | Received a gift from Nemelex Xobeh
 15592 | Lair:1   | You fall through a shaft!
 15779 | Lair:2   | Reached XP level 12. HP: 91/110 MP: 16/16
 15910 | Lair:2   | Received a gift from Nemelex Xobeh
 16693 | Lair:1   | Received a gift from Nemelex Xobeh
 17339 | Lair:1   | Received a gift from Nemelex Xobeh
 17920 | Lair:2   | Reached ****** piety under Nemelex Xobeh
 18346 | Lair:2   | Received a gift from Nemelex Xobeh
 18831 | Lair:3   | Found a staircase to the Snake Pit.
 19002 | Lair:3   | Received a gift from Nemelex Xobeh
 19882 | Lair:3   | Reached XP level 13. HP: 86/118 MP: 19/19
 20065 | Lair:3   | Received a gift from Nemelex Xobeh
 20498 | Lair:3   | Found a staircase to the Swamp.
 21156 | Lair:4   | Received a gift from Nemelex Xobeh
 21730 | Lair:5   | Noticed Urug
 21732 | Lair:5   | Reached skill level 10 in Invocations
 21735 | Lair:5   | Reached skill level 10 in Armour
 21743 | Lair:5   | Killed Urug
 22022 | Lair:5   | Found a stormy altar of Qazlal.
 22110 | Lair:5   | Found a labyrinth entrance.
 22198 | Lab      | Entered a labyrinth
 22303 | Lab      | Noticed a minotaur
 22308 | Lab      | Killed a minotaur
 22313 | Lab      | Got a smoking jade amulet
 22318 | Lab      | Identified the amulet "Yblecon" {Harm *Drain rElec rF+ Int+2} (You found it in a labyrinth)
 22349 | Lair:5   | Found a staircase to the Slime Pits.
 22542 | Lair:5   | Received a gift from Nemelex Xobeh
 22673 | Lair:6   | Entered Level 6 of the Lair of Beasts
 23084 | Lair:6   | Killed by a card of wild magic

Vault maps used:
D:1:      ncdulo_halloftheorcs
D:2:      marbit_many_paths, first_bread, minmay_cupped
D:3:      overflow_temple_1_default, elyvilon_altar_1, uniq_sigmund
D:4:      lemuel_zombie_altar_kikubaaqudgha, kennysheep_mini_moat,
          portal_sewer_entry_a, uniq_edmund, uniq_menkaure, uniq_blork_the_orc,
          uniq_grinder
D:5:      kennysheep_mini, overflow_temple_1_default, temple_hall,
          gup_ossuary_entry_pyramid, serial_co_window_serial, co_window_paths_b,
          co_window_corner_a, co_window_cross_1, co_window_corner_a,
          co_window_of_opportunity_a, co_window_unsneaky_path_d,
          co_window_unsneaky_path_d, co_window_unsneaky_path_e,
          co_window_broadway_c, co_window_corner_ca, co_window_paths_c,
          co_window_of_opportunity_c, glass_columns_b
D:6:      uniq_prince_ribbit1, uniq_crazy_yiuf_cottage
D:7:      vehumet_statue, led_sif_pool, old_standard_altar
D:8:      grunt_temple_overflow_order_and_chaos_2,
          lemuel_coloured_pillars_altar, kennysheep_little_box
D:9:      orc_0_dummy, serial_shops, nicolae_shop_waterfront
D:10:     dpeg_lair_monsters, enter_trove_2, grunt_livestock, uniq_gastronok
Lair:1:   st_stairs_7, minmay_stone_trees_medium, hibernation_bobbens,
          grunt_megastairs_4
Lair:2:   grunt_forest_large_clearings, serial_bayou_shore_a
Lair:3:   nicolae_swamp_entry_splash_gauntlet, dummy_snake_entry,
          eino_house_with_fridge
Lair:5:   minmay_slime_entry_jelly_boxes, basic_altar, lab_entry_generic,
          uniq_urug
Lair:6:   gammafunk_lair_ancient_temple, nicolae_lair_grove_arrangements,
          uniq_snorg
Lab:      nicolae_lab_do_over, lab_fountain, nicolae_lab_very_dead_end,
          nicolae_lab_arrow, labyrinth_skeletal_remains, lab_block
Sewer:    sewer_minmay_treatment
Ossuary:  ossuary_boxes_badplayer

Skill      XL: |  1  2  3  4  5  6  7  8  9 10 11 12 13 |
---------------+----------------------------------------+-----
Unarmed Combat | 4 5 6 7 9 10 11 12 13 | 13.0
Fighting       | 4 5 6 7 8 10 11 12 13 | 13.0
Invocations    | 2 3 4 5 7 9 10 | 10.5
Armour         | 2 4 5 6 8 9 10 | 10.3
Evocations     | 3 5 |  5.1
Dodging        | |  2.6
Stealth        | |  2.1

Action                   |  1- 3 |  4- 6 |  7- 9 | 10-12 | 13-15 || total
-------------------------+-------+-------+-------+-------+-------++-------
Melee: Unarmed           |   114 |   142 |   686 |   808 |   169 ||  1919
       Punch             |     1 |     2 |     9 |    30 |     8 ||    50
Evoke: Deck              |       |     4 |    13 |    75 |    32 ||   124
       Wand              |       |       |     3 |     5 |     7 ||    15
  Use: Scroll            |       |     8 |     3 |    10 |       ||    21
       Potion            |       |     1 |     4 |     7 |       ||    12
 Stab: Distracted        |       |     1 |     1 |     2 |     1 ||     5
       Invisible         |       |       |     1 |       |       ||     1
  Eat: Chunk             |     3 |     4 |    22 |    30 |     9 ||    68
       Meat ration       |       |       |       |     1 |       ||     1
Armor: Robe              |    10 |       |       |       |       ||    10
       Scale mail        |    36 |     5 |       |       |       ||    41
       Chain mail        |       |    85 |   326 |   113 |       ||   524
       Plate armour      |       |       |       |   400 |   154 ||   554
Dodge: Dodged            |    67 |    67 |   215 |   270 |    81 ||   700
